[Event "1st Serbian League 2022"]
[Site "Vrnjacka Banja"]
[Date "2022.09.20"]
[Round "1.14"]
[White "Sedlak, Nikola"]
[Black "Ivic, Velimir"]
[Result "1-0"]
[ECO "A15"]
[WhiteElo "2466"]
[BlackElo "2553"]
[Annotator "TA"]
[PlyCount "85"]
[EventDate "2022.09.20"]
[EventType "team-tourn"]
[EventCountry "SRB"]
[SourceTitle "playchess.com"]
[Source "ChessBase"]
[SourceQuality "1"]
[TimeControl "40/5400+30:1800+30"]

1. Nf3 Nf6 2. g3 g6 3. b3 Bg7 4. Bb2 d6 5. c4 e5 6. Bg2 O-O 7. d3 Re8 8. O-O {[%emt 0:00:54] BESTDEEP} a5 {[%emt 0:02:04] BESTDEEP. A15: English Opening: 1...Nf6.} 9. Nc3 {[%emt 0:06:07] CPLX 2.1} Na6 {[%emt 0:02:10] BESTDEEP} 10. Nd2 {[%emt 0:06:51] CPLX 2.0 26 (Qd1-d2) (=9)} Nc5 {[%emt 0:08:15] [#] CPLX 2.1 37 (c7-c6) (=12). Black has an edge.} 11. a3 $146 {[%emt 0:01:25] BESTDEEP} ({Predecessor:} 11. Nde4 Nfd7 12. Nxc5 Nxc5 13. a3 c6 14. b4 axb4 15. axb4 Rxa1 16. Bxa1 Ne6 17. b5 {0-1 (43) Azarova,T-Kalinina,V (2125) Yalta 1996}) 11... Ne6 {[%emt 0:01:37] BESTDEEP} 12. Nd5 {[%emt 0:08:47] CPLX 2.0 19 (b3-b4) (=9)} Nd7 {[%emt 0:06:29] CPLX 2.5 22 (Nf6-h5) (=12)} 13. b4 {[%emt 0:03:46] CPLX 2.3} c6 {[%emt 0:01:23] CPLX 2.5 16 (h7-h5) (=13)} 14. Nc3 {[%emt 0:00:08] CPLX 2.6} axb4 {[%emt 0:08:00] CPLX 2.2 5 (Nd7-f6) (=11)} 15. axb4 {[%emt 0:00:07] RECAPT} Rxa1 {[%emt 0:00:05] CPLX 2.7 3 (Ra8-b8) (=10)} 16. Qxa1 {[%emt 0:01:57] RECAPT} Nf6 {[%emt 0:01:53] CPLX 2.1 15 (Nd7-b6) (=11)} 17. Qa5 {[%emt 0:11:49] BESTDEEP} Qd7 {[%emt 0:18:49] CPLX 2.5 60 (Qd8xa5) (=16)} (17... Qxa5 $11 18. bxa5 Bh6) 18. Na4 {[%emt 0:05:31] CPLX 2.2 25 (b4-b5) (=6)} Nf8 {[%emt 0:15:13] CPLX 2.3 22 (h7-h5) (=16)} 19. Nb6 {[%emt 0:00:31] EASY} Qc7 {[%emt 0:01:26] CPLX 2.6 3 (Qd7-d8) (=15)} 20. Nxc8 {[%emt 0:00:42] CPLX 2.7} Qxc8 {[%emt 0:00:08] RECAPT} 21. b5 {[%emt 0:03:01] CPLX 2.1} d5 {[%emt 0:06:01] CPLX 2.3 16 (Qc8-d7) (=14)} 22. cxd5 {[%emt 0:03:06] CPLX 2.4 24 (Rf1-c1) (=6)} cxd5 {[%emt 0:00:09] RECAPT} 23. Rc1 {[%emt 0:00:51] CPLX 2.2} Qg4 {[%emt 0:02:28] CPLX 2.7} 24. e3 $36 {[%emt 0:02:53][%mdl 2048] White is more active. BESTDEEP} N8d7 {[%emt 0:04:23] CPLX 2.6 19 (Qg4-e2) (=13)} 25. h3 {[%emt 0:02:11] CPLX 2.8} Qe6 {[%emt 0:06:48] BESTDEEP} 26. Qc7 {[%emt 0:03:25] CPLX 2.5 37 (Qa5-a7) (=7)} Bf8 {[%emt 0:03:42] CPLX 2.5 61 (Re8-b8) (=15)} (26... Rb8 $1 $14) 27. Nf3 $16 {[%emt 0:05:56] DEEPSTRONG} ({Don't play} 27. Qxb7 $6 Nc5 28. Rxc5 Bxc5 $11) 27... Bd6 {[%emt 0:05:05] CPLX 2.6 118 (Qe6-d6) (=20)} (27... Qd6 $16) 28. Qxb7 $18 {[%emt 0:01:25] EASY} Nc5 {[%emt 0:00:22] [#] CPLX 2.6 0 (Re8-b8) (=19)} 29. Rxc5 {[%emt 0:01:28][%mdl 512] EASY} Bxc5 {[%emt 0:00:02] RECAPT} 30. Bxe5 {[%emt 0:00:25] CPLX 3.2 67 (Nf3xe5) (=9)} (30. Nxe5 $18 Re7 31. Qa8+ Re8 32. Qa4) 30... Nd7 {[%emt 0:01:15] CPLX 4.3 89 (Re8-d8) (=21)} (30... Rd8 $16 31. Bc3 Ne8) 31. d4 {[%emt 0:02:15] CPLX 4.1} Be7 {[%emt 0:00:26] CPLX 4.0} 32. Bc7 {[%emt 0:01:05] aiming for h4. This bishop pair is nice. CPLX 3.7 40 (h3-h4) (=10)} Bd8 {[%emt 0:00:42] DEEPSTRONG} 33. Bxd8 {[%emt 0:02:29] CPLX 3.1 20 (Bc7-f4) (=10)} Rxd8 {[%emt 0:00:03] RECAPT} 34. Ng5 $1 {[%emt 0:00:19][%csl LRd5,LRe6] EASY} Qe7 {[%emt 0:01:01] BESTDEEP} 35. Qxd5 {[%emt 0:00:52] White is much more active. EASY} Rb8 {[%emt 0:00:27] CPLX 3.9 111 (Nd7-b8) (=21)} (35... Nb8 $16 36. Qc5 Qxc5 37. dxc5 Nd7) 36. Ne4 {[%emt 0:00:41][%cal Od5d7] Hoping for Qxd7! CPLX 3.9} Rb6 {[%emt 0:00:30] CPLX 3.4 59 (Kg8-g7) (=23)} 37. Nc3 {[%emt 0:00:47] CPLX 3.9 40 (Qd5-a8) (=10)} Kg7 {[%emt 0:00:24] CPLX 3.4 12 (Rb6-b8) (=22)} 38. Qc4 {[%emt 0:00:39] [#] Black must now prevent Nd5. CPLX 3.0 9 (Qd5-b3) (=10)} Qa3 $2 {[%emt 0:00:33] CPLX 2.9 332 (Rb6-b8) (=32)} (38... Rb8 39. Qc7 Qd8) 39. Bc6 {[%emt 0:01:29] DEEPSTRONG=>BLUNDERREACT. White is clearly winning.} Qc1+ {[%emt 0:00:35] EVAL 337 (Qa3-a7) (=42)} 40. Kg2 {[%emt 0:00:07] EVAL} Nf6 {[%emt 0:00:28] EVAL} 41. Qd3 {[%emt 0:31:29] EVAL 226 (d4-d5) (=16)} Rb8 {[%emt 0:07:50] EVAL 222 (Qc1-a3) (=46)} 42. d5 {[%emt 0:00:00] EVAL} Qa3 {[%emt 0:03:23] EVAL} 43. Qd4 {[%emt 0:00:00] Weighted Error Value: White=0.12 (very precise) /Black=0.39} 1-0

[Event "1st Serbian League 2022"]
[Site "Vrnjacka Banja"]
[Date "2022.09.20"]
[Round "1.15"]
[White "Nenezic, Marko"]
[Black "Popovic, Dusan"]
[Result "1-0"]
[ECO "E94"]
[WhiteElo "2528"]
[BlackElo "2486"]
[Annotator "TA"]
[PlyCount "91"]
[EventDate "2022.09.20"]
[EventType "team-tourn"]
[EventCountry "SRB"]
[SourceTitle "playchess.com"]
[Source "ChessBase"]
[SourceQuality "1"]
[TimeControl "40/5400+30:1800+30"]

1. d4 Nf6 2. c4 g6 3. Nc3 Bg7 4. e4 d6 5. Be2 Nbd7 6. Nf3 e5 7. O-O O-O 8. Be3 Qe7 9. Qc2 c6 10. d5 {[%emt 0:00:28] BESTDEEP} c5 {[%emt 0:00:37] CPLX 2.1 38 (Nd7-c5) (=38). E94: King's Indian: Classical: 6 Be2 e5 7 0-0: Various Black 7th moves.} 11. Kh1 {[%emt 0:01:22] [#] CPLX 2.0 27 (h2-h3) (=14)} Ng4 $146 {[%emt 0:06:20] CPLX 2.0 10 (Nf6-h5) (=24)} ({Predecessor:} 11... Nh5 12. g3 Ndf6 13. Bg5 Bh3 14. Rfe1 Bd7 15. Nh4 h6 16. Bc1 Ng4 17. Bd1 a6 18. a4 {1-0 (40) Sadhwani,R (2611)-Oratovsky,M (2431) Ovar 2022}) 12. Bg5 {[%emt 0:00:49] CPLX 2.4 12 (Be3-d2) (=13)} f6 {[%emt 0:00:22] CPLX 2.7. White is slightly better.} 13. Bd2 {[%emt 0:00:16] CPLX 2.6} Nh6 {[%emt 0:04:25] BESTDEEP} 14. Bd3 {[%emt 0:01:54] White is much more active. BESTDEEP} Nf7 {[%emt 0:12:43] CPLX 2.0 9 (Nd7-b8) (=11)} 15. Nd1 {[%emt 0:10:10] CPLX 2.0 21 (b2-b3) (=10)} Nb8 {[%emt 0:08:12] CPLX 2.0 12 (Nd7-b6) (=12)} 16. Ne3 {[%emt 0:04:21] CPLX 2.0 34 (a2-a3) (=13)} Nh6 {[%emt 0:01:51] CPLX 2.0 7 (Nb8-a6) (=11)} 17. Rae1 {[%emt 0:25:21] CPLX 2.0} Na6 {[%emt 0:03:15] CPLX 2.0 0 (b7-b6) (=10)} 18. Qc1 {[%emt 0:03:05] CPLX 2.0 3 (a2-a3) (=11)} Bd7 {[%emt 0:09:09] BESTDEEP} 19. a3 {[%emt 0:02:21] CPLX 2.0 6 (b2-b3) (=10)} f5 {[%emt 0:12:22] CPLX 2.0 18 (Na6-c7) (=9)} 20. exf5 {[%emt 0:04:00] CPLX 2.2} gxf5 {[%emt 0:01:45] CPLX 2.6 56 (Nh6xf5) (=14)} ({Black should try} 20... Nxf5 $14 21. Nxf5 gxf5) 21. Nd1 {[%emt 0:01:04] CPLX 2.5 46 (g2-g3) (=12)} (21. g3 $16) 21... Ng4 {[%emt 0:02:09] MISS-Nh6-f7 11 (Nh6-f7) (=13)} 22. Ng5 {[%emt 0:07:57] CPLX 2.9 0 (Nd1-c3) (=11)} e4 {[%emt 0:12:40] CPLX 3.6 120 (Na6-c7) (=22)} (22... Nc7 $16 {might work better.}) 23. f3 $1 $18 {[%emt 0:02:33] CPLX 3.8} Ne5 {[%emt 0:00:33] CPLX 4.3} 24. Be2 {[%emt 0:04:07] CPLX 3.5 20 (Bd3-b1) (=11)} b5 {[%emt 0:06:16] CPLX 3.2 35 (e4xf3) (=21)} 25. cxb5 {[%emt 0:08:11] BESTDEEP} ({Much less strong is} 25. fxe4 Nc7 $16) 25... Nc7 {[%emt 0:01:40] EASY} 26. Nc3 {[%emt 0:00:08] CPLX 3.5} exf3 {[%emt 0:04:06] CPLX 3.5 2 (h7-h6) (=19)} 27. gxf3 {[%emt 0:01:09] RECAPT} Qf6 {[%emt 0:00:25] CPLX 3.4 8 (Ra8-e8) (=18)} 28. f4 {[%emt 0:06:41] CPLX 3.4 100 (Rf1-g1) (=14)} (28. Rg1 $18) 28... Ng4 $16 {[%emt 0:01:22] CPLX 3.6=>BLUNDERREACT} 29. h3 {[%emt 0:01:10] EASY} Qh6 {[%emt 0:00:06] EASY} 30. Bc4 $36 {[%emt 0:02:37][%cal Oe1e6][%mdl 2048] White is really pushing. BESTDEEP} Rae8 {[%emt 0:03:50] Inhibits Re6. CPLX 4.4} 31. Kg2 {[%emt 0:00:29] CPLX 4.6 33 (Qc1-d1) (=14)} Nf6 {[%emt 0:00:11] CPLX 5.1} 32. Rxe8 {[%emt 0:01:37] CPLX 3.7 40 (a3-a4) (=15)} Rxe8 {[%emt 0:00:18] RECAPT} 33. Re1 {[%emt 0:00:27][%cal Bf1e1,Be1e3,Be3g3][%mdl 32] CPLX 3.4 29 (a3-a4) (=15)} Ne4 {[%emt 0:00:46] CPLX 3.7 70 (Qh6-g6) (=17)} (33... Qg6 $14 34. Rxe8+ Nfxe8) 34. Ncxe4 {[%emt 0:01:39] EASY} fxe4 {[%emt 0:00:11] RECAPT} 35. Re3 {[%emt 0:01:01] Strongly threatening Rg3. BESTDEEP} Nxb5 $2 {[%emt 0:03:06] This move loses the game for Black. CPLX 3.9 199 (Kg8-f8) (=23)} (35... Kf8 $16 {keeps fighting.}) 36. Bxb5 $18 {[%emt 0:02:10] RECAPT} Bxb5 {[%emt 0:00:04] [#] RECAPT} 37. Rg3 $1 {[%emt 0:00:15] DEEPSTRONG} ({Not} 37. Rxe4 Rxe4 38. Nxe4 Qg6+ 39. Ng3 Qd3 $17) 37... e3 {[%emt 0:03:55] [#] CPLX 3.5 72 (Qh6-h5) (=24)} 38. Bc3 {[%emt 0:01:15] Bxg7 is the strong threat. BESTDEEP} ({Worse is} 38. Rxe3 Rxe3 39. Bxe3 Qg6 $15) 38... Re7 {[%emt 0:00:01] CPLX 4.5 105 (Bb5-c4) (=27)} 39. Ne6 {[%emt 0:00:46] DEEPSTRONG} Qh5 {[%emt 0:00:15] CPLX 5.1 92 (Bb5-c6) (=29)} 40. Nxg7 {[%emt 0:01:12] CPLX 5.9 24 (Kg2-h2) (=13). White is clearly winning.} Qxd5+ {[%emt 0:01:06] EASY} 41. Kh2 {[%emt 0:30:33][%cal Bg2h2,Bh2g3,Bg3h4][%mdl 32] aiming for Nf5+. CPLX 5.0} Kf7 {[%emt 0:10:57] BESTDEEP} 42. Rxe3 {[%emt 0:00:00] CPLX 5.9 42 (f4-f5) (=13)} Rxe3 {[%emt 0:00:38] CPLX 5.6 35 (Re7-e4) (=27)} 43. Qxe3 {[%emt 0:00:00] RECAPT} Bc6 {[%emt 0:00:04][%csl Gc6][%cal Rd5g2] EASY} 44. Kg3 {[%emt 0:00:00] CPLX 5.5} Qg2+ {[%emt 0:01:11] BESTDEEP} 45. Kh4 {[%emt 0:00:00] Threatening mate with Qe6+. LEGAL} Bd7 {[%emt 0:00:26] Inhibits Qe6+. CPLX 5.0 142 (Qg2-e4) (=29)} 46. Nh5 {[%emt 0:00:00] Weighted Error Value: White=0.15 (very precise) /Black=0.40} 1-0

[Event "1st Serbian League 2022"]
[Site "Vrnjacka Banja"]
[Date "2022.09.20"]
[Round "1.16"]
[White "Boskovic, Drasko"]
[Black "Djukic, Nikola"]
[Result "1/2-1/2"]
[ECO "B30"]
[WhiteElo "2415"]
[BlackElo "2536"]
[Annotator "TA"]
[PlyCount "87"]
[EventDate "2022.09.20"]
[EventType "team-tourn"]
[EventCountry "SRB"]
[SourceTitle "playchess.com"]
[Source "ChessBase"]
[SourceQuality "1"]
[TimeControl "40/5400+30:1800+30"]

1. e4 c5 2. Nf3 e6 3. d3 Nc6 4. g3 Nf6 5. Bg2 Be7 6. O-O O-O 7. Re1 d6 8. c3 Bd7 9. Nbd2 Qc7 {[%emt 0:07:57] BESTDEEP} 10. a3 {[%emt 0:02:53] CPLX 2.0 12 (b2-b3) (=12). B30: Sicilian: 2...Nc6 3 Bb5, lines without ...g6.} Ne5 {[%emt 0:06:14] CPLX 2.0 20 (b7-b5) (=10)} 11. Nxe5 {[%emt 0:05:05] CPLX 2.5 20 (Qd1-e2) (=16)} dxe5 {[%emt 0:00:08] RECAPT} 12. a4 {[%emt 0:00:14] CPLX 2.0 3 (b2-b3) (=12)} a6 {[%emt 0:09:17] CPLX 2.0} 13. a5 {[%emt 0:18:52] [#] CPLX 2.0} Rad8 $146 {[%emt 0:09:46] CPLX 2.0} ({Predecessor:} 13... Bb5 14. Nc4 Rad8 15. Qe2 Nd7 16. f4 exf4 17. Bxf4 e5 18. Be3 Nb8 19. Nb6 Bxd3 {1-0 (40) De Jong,M (2345)-Hachijan,A (2214) Dieren 2013}) 14. Qb3 {[%emt 0:10:55] CPLX 2.0 50 (b2-b3) (=17)} ({White should try} 14. b3 $11) 14... Bb5 $15 {[%emt 0:02:42] CPLX 2.0} 15. c4 {[%emt 0:00:55] EASY} Be8 {[%emt 0:04:42] BESTDEEP} 16. Qc3 {[%emt 0:03:24] BESTDEEP} Nd7 {[%emt 0:01:12] BESTDEEP} 17. Nb3 {[%emt 0:00:19] CPLX 2.0} Nb8 {[%emt 0:05:07] CPLX 2.1 27 (Be7-d6) (=5)} 18. Be3 {[%emt 0:00:31] CPLX 2.2} Bd6 {[%emt 0:01:56] BESTDEEP} 19. f3 {[%emt 0:03:18][%cal Bf2f3,Bf3f4,Bf4f5][%mdl 32] CPLX 2.2 35 (Qc3-d2) (=12)} Qe7 {[%emt 0:04:30] CPLX 2.2 30 (f7-f5) (=7)} 20. Qc2 {[%emt 0:01:00] CPLX 2.2 21 (Qc3-d2) (=13)} Nc6 {[%emt 0:00:34] CPLX 2.1} 21. Qf2 {[%emt 0:00:09][%cal Re3c5] CPLX 2.1} Nd4 {[%emt 0:00:58] CPLX 2.2 33 (Nc6-b4) (=8)} (21... Nb4 $5 22. Red1 (22. Bxc5 $2 Nxd3 23. Bxd6 Qxd6 $19) (22. Nxc5 $2 Rc8 $19) 22... Rc8 $11) 22. Nxd4 {[%emt 0:00:18] CPLX 2.7} exd4 {[%emt 0:05:19] RECAPT 14 (c5xd4) (=9)} 23. Bd2 {[%emt 0:00:07] CPLX 2.3} e5 {[%emt 0:00:36] BESTDEEP} 24. f4 {[%emt 0:00:32] CPLX 2.0} Rb8 {[%emt 0:03:06] CPLX 2.0 17 (e5xf4) (=9)} (24... exf4 {seems wilder.} 25. e5 Bc7 26. gxf4 Bc6) 25. f5 {[%emt 0:15:46][%cal Of5f6] BESTDEEP} b5 {[%emt 0:01:40] CPLX 2.0 33 (Be8-d7) (=10)} 26. axb6 $1 {[%emt 0:00:29] White is more active. EASY} Rxb6 {[%emt 0:00:39] RECAPT} 27. f6 {[%emt 0:00:31] BESTDEEP} Qe6 {[%emt 0:05:31] BESTDEEP} 28. Rf1 {[%emt 0:13:08][%cal Og2h3] BESTDEEP} Bd7 {[%emt 0:01:15] CPLX 3.1 60 (g7-g6) (=12)} (28... g6 $14) 29. fxg7 {[%emt 0:01:04] CPLX 3.2 20 (Bg2-h3) (=8)} Kxg7 {[%emt 0:01:14] [#] CPLX 5.3 151 (Rf8-b8) (=18)} (29... Rfb8 $16) 30. Bg5 $2 {[%emt 0:00:06] MISSDEEP-Bg2-h3 253 (Bg2-h3) (=20)} (30. Bh3 $1 $18 f5 31. Bxf5) 30... f6 {[%emt 0:04:52] CPLX 4.0 8 (Qe6-g6) (=18)} 31. Bc1 {[%emt 0:00:06] CPLX 4.1 0 (Bg5-d2) (=19)} Qg4 {[%emt 0:02:51] CPLX 3.8 8 (Qe6-e8) (=17)} 32. Bf3 {[%emt 0:04:50] BESTDEEP} Qg6 {[%emt 0:00:30] CPLX 3.2} 33. Qe2 {[%emt 0:00:58] Threatens to win with Bh5. BESTDEEP} Kh8 {[%emt 0:00:12] CPLX 2.7} 34. Bh5 {[%emt 0:05:30] CPLX 2.6 0 (Rf1-f2) (=17)} Qg7 {[%emt 0:00:06] EASY} 35. g4 {[%emt 0:00:47] CPLX 2.7 16 (Rf1-f2) (=17)} Be7 {[%emt 0:02:45] CPLX 2.7 33 (f6-f5) (=16)} (35... f5 $5) 36. Kh1 {[%emt 0:00:20] BESTDEEP} Rg8 {[%emt 0:01:19][%cal Rd7g4] CPLX 2.6 7 (Rf8-a8) (=16)} 37. h3 {[%emt 0:00:19] CPLX 2.6} Ra8 {[%emt 0:01:56] CPLX 2.6 0 (Rg8-b8) (=15)} 38. Kh2 {[%emt 0:00:40] CPLX 2.6 33 (Ra1-a5) (=16)} a5 {[%emt 0:00:22] CPLX 2.6. The position is equal.} 39. Rf3 {[%emt 0:00:19] CPLX 2.6 0 (Qe2-c2) (=15)} a4 {[%emt 0:00:11] CPLX 2.6} 40. Qf2 {[%emt 0:00:11] CPLX 2.6 0 (Qe2-f1) (=15)} Rf8 {[%emt 0:01:50] CPLX 2.6 0 (Rb6-b4) (=14)} 41. Ra2 {[%emt 0:03:40] CPLX 2.6} Rfb8 {[%emt 0:05:12] CPLX 2.6 0 (Rb6-b3) (=13)} 42. Qg1 {[%emt 0:02:16] CPLX 2.6 0 (Qf2-f1) (=14)} Rb3 {[%emt 0:05:06] CPLX 2.6 0 (Rb6-b4) (=13)} 43. Qd1 {[%emt 0:04:27] CPLX 2.7 0 (Qg1-f1) (=14)} Bc6 {[%emt 0:02:37] CPLX 2.7 0 (Be7-d6) (=13)} 44. Qf1 {[%emt 0:02:37] Weighted Error Value: White=0.13 (very precise) /Black=0.18 (very precise)} 1/2-1/2

[Event "1st Serbian League 2022"]
[Site "Vrnjacka Banja"]
[Date "2022.09.20"]
[Round "1.17"]
[White "Strikovic, Aleksa"]
[Black "Zegarac, Vuk"]
[Result "1/2-1/2"]
[ECO "A20"]
[WhiteElo "2491"]
[BlackElo "2336"]
[Annotator "TA"]
[PlyCount "50"]
[EventDate "2022.09.20"]
[EventType "team-tourn"]
[EventCountry "SRB"]
[SourceTitle "playchess.com"]
[Source "ChessBase"]
[SourceQuality "1"]
[TimeControl "40/5400+30:1800+30"]

1. c4 e5 2. g3 Nf6 3. Bg2 h6 4. Nf3 e4 5. Nd4 d5 {[%emt 0:00:27] BESTDEEP} 6. cxd5 {[%emt 0:00:49] CPLX 2.5 7 (Nb1-c3) (=7). A20: English Opening: 1...e5.} Qxd5 {[%emt 0:00:14] RECAPT} 7. Nc2 {[%emt 0:08:20] BESTDEEP} Qh5 8. h3 {[%emt 0:02:55] [#] MISSDEEP-Nc2-e3 57 (Nc2-e3) (=21)} ({Better is} 8. Ne3 $1 $11) 8... Bd6 $146 {[%emt 0:07:54] CPLX 2.2 42 (Nb8-c6) (=11)} ({Predecessor:} 8... Bc5 9. Nc3 O-O 10. Nxe4 Nxe4 11. Bxe4 Re8 12. d3 Nc6 13. Be3 Bd6 14. Qd2 Be6 {1-0 (42) Zierk,S (2499)-Riff,V (2405) Chess.com INT 2020}) 9. Nc3 {[%emt 0:00:36] CPLX 2.3 11 (d2-d3) (=19)} Qg6 {[%emt 0:00:13] BESTDEEP} 10. Ne3 {[%emt 0:14:24][%cal Oc3e4] CPLX 2.2 20 (Nc3-b5) (=19)} O-O $1 {[%emt 0:04:09] DEEPSTRONG} 11. Nc4 {[%emt 0:22:25] CPLX 2.2 32 (d2-d4) (=21)} Nc6 {[%emt 0:08:58] CPLX 2.4 49 (Bd6-c5) (=13)} (11... Bc5 $15) 12. Nxd6 $11 {[%emt 0:04:46] DEEPSTRONG} cxd6 {[%emt 0:00:14][%cal Bc7d6,Bd6d5][%mdl 32] RECAPT} 13. d4 {[%emt 0:02:50] CPLX 2.2 3 (d2-d3) (=16)} exd3 {[%emt 0:05:18] CPLX 2.4 3 (Nc6-e7) (=10)} 14. O-O {[%emt 0:02:39] MISS-Qd1xd3 8 (Qd1xd3) (=15)} d5 {[%emt 0:04:51] [#] White must now prevent ...d4. BESTDEEP} 15. exd3 {[%emt 0:02:16] CPLX 2.8} Bf5 {[%emt 0:02:27] CPLX 2.5} 16. Ne2 {[%emt 0:00:10] BESTDEEP} Nb4 {[%emt 0:06:25] CPLX 2.5 19 (Qg6-h7) (=9)} (16... Bxd3 $2 17. Nf4 Bc2 18. Nxg6 $18) 17. Nf4 {[%emt 0:01:16] EASY} Qh7 {[%emt 0:00:35] EASY} 18. Qb3 {[%emt 0:07:17][%csl LRb4,LRd5] CPLX 2.7 0 (Bc1-e3) (=11)} Nxd3 {[%emt 0:03:40] EASY} 19. Nxd5 {[%emt 0:00:29] CPLX 3.2 40 (Qb3xb7) (=13)} Nxd5 {[%emt 0:01:39] RECAPT} 20. Qxd5 {[%emt 0:00:06] RECAPT} Nb4 {[%emt 0:04:52][%cal Bd3b4,Bb4c2,Bc2d4][%mdl 32] CPLX 3.0 0 (b7-b6) (=7)} 21. Qxb7 {[%emt 0:10:06] EASY} Nc2 {[%emt 0:01:45] CPLX 3.2} 22. Rb1 {[%emt 0:10:07] EASY} Nd4 {[%emt 0:00:53][%mdl 1024] Black has compensation. CPLX 2.9 25 (Ra8-d8) (=8)} (22... Rad8 $5 23. Qxa7 Nd4 $11) 23. Ra1 {[%emt 0:00:26] EASY} Nc2 {[%emt 0:00:13] CPLX 3.0 18 (Ra8-d8) (=8)} 24. Rb1 {[%emt 0:00:34] EASY} Nd4 {[%emt 0:00:27] CPLX 2.9 26 (Ra8-d8) (=9)} (24... Rad8 $5 25. Qxa7 Nd4 $11) 25. Ra1 {[%emt 0:00:32] EASY} Nc2 {[%emt 0:00:57] Weighted Error Value: White=0.11 (very precise) /Black=0.10 (very precise)} (25... Rad8 $5 26. Qxa7 Nc2 $11) 1/2-1/2

[Event "1st Serbian League 2022"]
[Site "Vrnjacka Banja"]
[Date "2022.09.20"]
[Round "1.18"]
[White "Munizaba, Slobodan"]
[Black "Perunovic, Miodrag"]
[Result "0-1"]
[ECO "E68"]
[WhiteElo "2416"]
[BlackElo "2413"]
[Annotator "ChessBase"]
[PlyCount "72"]
[EventDate "2022.09.20"]
[EventType "team-tourn"]
[EventCountry "SRB"]
[SourceTitle "playchess.com"]
[Source "ChessBase"]
[SourceQuality "1"]
[TimeControl "40/5400+30:1800+30"]

1. d4 Nf6 2. Nf3 g6 3. g3 Bg7 4. Bg2 O-O 5. O-O d6 6. c4 Nbd7 7. Nc3 e5 8. Qc2 c6 9. Rd1 Qe7 10. e4 exd4 11. Nxd4 Re8 12. b3 Nc5 13. f3 Nfd7 14. Bb2 a5 15. Rd2 a4 16. Rad1 axb3 17. axb3 Ne5 18. Nde2 Qc7 19. Nc1 f5 20. Rxd6 fxe4 21. Nxe4 Bf5 22. Bxe5 Rxe5 23. Qf2 Nxe4 24. fxe4 Bg4 25. Ne2 Bf8 26. c5 Bxd6 27. cxd6 Qd7 28. h3 Rf8 29. Qe3 Bxh3 30. Qd4 Ree8 31. Nf4 Bxg2 32. Kxg2 Qg4 33. d7 Rd8 34. e5 Rxf4 35. Qxf4 Qxd1 36. Qf6 Rxd7 0-1

[Event "1st Serbian League 2022"]
[Site "Vrnjacka Banja"]
[Date "2022.09.20"]
[Round "1.19"]
[White "Budisavljevic, Luka"]
[Black "Predojevic, Borki"]
[Result "1/2-1/2"]
[ECO "D12"]
[WhiteElo "2524"]
[BlackElo "2584"]
[Annotator "TA"]
[PlyCount "63"]
[EventDate "2022.09.20"]
[EventType "team-tourn"]
[EventCountry "SRB"]
[SourceTitle "playchess.com"]
[Source "ChessBase"]
[SourceQuality "1"]
[TimeControl "40/5400+30:1800+30"]

1. d4 d5 2. Nf3 Nf6 3. e3 c6 4. c4 a6 5. b3 Bf5 6. Bd3 Bxd3 7. Qxd3 e6 8. O-O Nbd7 9. Nbd2 Be7 10. Bb2 O-O 11. e4 dxe4 12. Nxe4 {[%emt 0:00:07] RECAPT} Nxe4 {[%emt 0:04:38] RECAPT 2 (Qd8-c7) (=2). D12: Slav Defence: 3 Nf3 Nf6 4 e3 Bf5.} 13. Qxe4 {[%emt 0:01:00] RECAPT} Re8 {[%emt 0:04:23] BESTDEEP} 14. Rfe1 Qc7 {[%emt 0:12:45] CPLX 2.4} 15. Rad1 {[%emt 0:02:33] CPLX 2.5} Rad8 {[%emt 0:06:40] [#] CPLX 2.5} 16. h3 $146 {[%emt 0:02:39] CPLX 2.5 1 (Bb2-c3) (=0)} ({Predecessor:} 16. Qc2 Bf6 17. Nd2 c5 18. Ne4 Bxd4 19. Bxd4 cxd4 20. Rxd4 Nf8 21. Rdd1 Rxd1 22. Rxd1 {½-½ (30) Hoelzl,F (2295)-Neyman,I (2330) Austria 2019}) 16... Nf6 {[%emt 0:14:28] CPLX 2.5 19 (b7-b5) (=4)} 17. Qe3 {[%emt 0:01:11] MISS-Qe4-e5 3 (Qe4-e5) (=1)} Qc8 {[%emt 0:04:24] CPLX 2.2 7 (Be7-d6) (=5)} 18. Rd3 {[%emt 0:04:08] CPLX 2.1 9 (Nf3-e5) (=2)} c5 {[%emt 0:04:15] CPLX 2.1 7 (Nf6-d7) (=5)} 19. Red1 {[%emt 0:01:58] CPLX 2.2 9 (Nf3-e5) (=3)} cxd4 {[%emt 0:03:34] CPLX 2.2 3 (b7-b5) (=5)} 20. Bxd4 {[%emt 0:01:32] RECAPT} Nd7 {[%emt 0:01:26] CPLX 2.3 9 (b7-b5) (=5)} 21. Ne5 {[%emt 0:03:58] CPLX 2.4} Nxe5 {[%emt 0:01:24] BESTDEEP} 22. Qxe5 {[%emt 0:01:07][%csl Gd4][%cal Re5g7] [#] RECAPT} f6 {[%emt 0:08:45] CPLX 3.7} 23. Qe4 {[%emt 0:00:23] CPLX 2.5 1 (Qe5-a5) (=2)} Rd6 {[%emt 0:00:17] CPLX 2.6} 24. Be3 {[%emt 0:06:31] CPLX 2.7 10 (c4-c5) (=3)} Red8 {[%emt 0:06:25] aiming for ...f5. CPLX 2.7} 25. Rxd6 {[%emt 0:01:20] CPLX 2.7} Rxd6 {[%emt 0:00:27] RECAPT 6 (Be7xd6) (=4)} 26. Rxd6 {[%emt 0:00:31] RECAPT} Bxd6 $11 {[%emt 0:00:05][%mdl 4096] Endgame KQB-KQB. RECAPT} 27. c5 {[%emt 0:00:50] CPLX 2.0 10 (Be3-d4) (=3)} Be5 {[%emt 0:04:37] CPLX 2.3 12 (Bd6-e7) (=4)} 28. b4 {[%emt 0:01:39] CPLX 2.2 16 (f2-f4) (=3)} Qc6 {[%emt 0:00:23] CPLX 2.1 0 (Qc8-d7) (=4)} 29. Qc4 {[%emt 0:01:57] CPLX 2.5 0 (Qe4-d3) (=3)} b5 {[%emt 0:01:53] CPLX 2.4 45 (Kg8-f7) (=6)} 30. Qd3 {[%emt 0:00:54] CPLX 2.7} Bc7 {[%emt 0:00:38] CPLX 3.0} 31. Kf1 {[%emt 0:08:30] CPLX 2.5 35 (Be3-d2) (=5)} g6 {[%emt 0:00:10] BESTDEEP} 32. f3 {[%emt 0:03:01] Weighted Error Value: White=0.06 (flawless) /Black=0.05 (flawless)} 1/2-1/2